 Dungeon Crawl Stone Soup version 0.28.0-47-ge53b351184 (webtiles) character file.

Game seed: 11385759207345701594

606 Exodus22XD the Chopper (level 7, 2/61 HPs)
             Began as a Hill Orc Monk on May 7, 2022.
             Quit the game on level 4 of the Dungeon.
             The game lasted 00:05:12 (4938 turns).

Exodus22XD the Chopper (Hill Orc Monk)              Turns: 4938, Time: 00:05:12

Health: 2/61       AC:  8    Str: 16    XL:     7   Next: 42%
Magic:  3/7        EV: 11    Int: 10    God:
Gold:   132        SH:  0    Dex: 13    Spells: 6/6 levels left

rFire   . . .      SeeInvis .   a - +0 hand axe
rCold   . . .      Faith    .   (no shield)
rNeg    . . .      Spirit   +   j - +0 ring mail
rPois   .          Reflect  .   (no helmet)
rElec   .          Harm     .   c - +0 cloak
rCorr   .          Rampage  .   (no gloves)
Will    .....                   p - +0 pair of boots
Stlth   +.........              n - amulet of guardian spirit
HPRegen 0.20/turn               (no ring)
MPRegen 0.10/turn               (no ring)

@: lethally poisoned (2 -> -5)
A: no striking features
a: no special abilities


You were on level 4 of the Dungeon.
You visited 1 branch of the dungeon, and saw 4 of its levels.

You collected 132 gold pieces.

Inventory:

Hand Weapons
 a - a +0 hand axe (weapon)
Missiles
 o - a throwing net (quivered)
Armour
 c - a +0 cloak (worn)
 j - a +0 ring mail (worn)
 p - a +0 pair of boots (worn)
Jewellery
 e - a ring of magical power
 m - a ring of wizardry
 n - an amulet of guardian spirit (around neck)
Scrolls
 b - a scroll of fog
 i - a scroll of teleportation {unknown}
 q - a scroll of amnesia {unknown}
Potions
 d - a potion of brilliance {unknown}
 f - 2 potions of attraction
 k - a potion of mutation {unknown}
 l - 2 potions of lignification {unknown}
 r - a potion of might {unknown}
 t - a potion of degeneration {unknown}
 u - a potion of flight {unknown}


   Skills:
 + Level 5.2 Fighting
 + Level 7.3 Axes
 * Level 5.6 Armour
 - Level 2.4 Dodging
 - Level 1.5 Stealth


You had 6 spell levels left.
You didn't know any spells.
Your spell library was empty.

Dungeon Overview and Level Annotations

Branches:
Dungeon (4/15)
 Temple: D:4-7

Altars:
Qazlal
Vehumet


Message History

The killer bee stings you but does no damage.
The killer bee closely misses you.
You closely miss the killer bee.
The killer bee is severely wounded.
The killer bee barely misses you. The killer bee closely misses you.
You barely miss the killer bee.
The killer bee is severely wounded.
The killer bee stings you but does no damage.
The killer bee closely misses you.
You miss the killer bee.
The killer bee is severely wounded.
The killer bee stings you.
* * * LOW HITPOINT WARNING * * *
You are poisoned.
The killer bee poisons you! The killer bee stings you.
* * * LOW HITPOINT WARNING * * *
You are lethally poisoned!
The killer bee poisons you!
Okay, then.
You miss the killer bee.
The killer bee is severely wounded.
* * * LOW HITPOINT WARNING * * *
You feel very sick.
You hear an angry buzzing noise.
The killer bee closely misses you. x2
You barely miss the killer bee.
The killer bee is severely wounded.
* * * LOW HITPOINT WARNING * * *
You feel very sick. The killer bee misses you.
You completely miss the killer bee.
The killer bee is severely wounded.
* * * LOW HITPOINT WARNING * * *
You feel sick. The killer bee barely misses you. x2
You hit the killer bee.
You kill the killer bee!
* * * LOW HITPOINT WARNING * * *
You feel sick. The killer bee closely misses you.
Unknown command.
Are you sure you want to abandon this character and quit the game? (Confirm with "yes".)

#....# ##.#######
##<...###.........
#..........##########
######.....#####.............
.....#.....# ###.#######....
........(..# #...# #.....
.......##### #.### #......
.......# ####.# ..#..#.
.......######...@######.......
....[.........###yy...:.....#
.......#########.g..........#
.......# #........!.....#
......## #..............#
.....## #>.............#
###### #..............#
..(............... #
####............##


You could see 2 killer bees and a goblin.

Vanquished Creatures
  Edmund (D:4)
  A water moccasin (D:3)
  3 killer bees (D:4)
  A hound (D:4)
  2 iguanas
  Jessica (D:3)
  3 gnolls (D:4)
  4 adders
  A shadow imp (D:4)
  3 worms
  3 dart slugs
  An orc (D:4)
  8 endoplasms
  2 giant cockroaches
  3 goblins
  5 hobgoblins
  6 jackals
  3 kobolds
  2 quokkas
  9 ball pythons
  4 bats
  3 frilled lizards
  3 rats
72 creatures vanquished.

Vanquished Creatures (others)
  A plant (D:1)
1 creature vanquished.

Grand Total: 73 creatures vanquished

Notes
Turn   | Place    | Note
-------+----------+-------------------------------------------
     0 | D:1      | Exodus22XD the Hill Orc Monk began the quest for the Orb.
     0 | D:1      | Reached XP level 1. HP: 19/19 MP: 1/1
   401 | D:1      | Reached XP level 2. HP: 22/27 MP: 2/2
   702 | D:1      | Found a faded altar of an unknown god.
   761 | D:1      | Reached skill level 1 in Armour
  1156 | D:1      | Reached XP level 3. HP: 33/33 MP: 3/3
  1704 | D:2      | Reached skill level 5 in Axes
  2217 | D:2      | Reached XP level 4. HP: 34/40 MP: 4/4
  3015 | D:3      | Found a radiant altar of Vehumet.
  3075 | D:3      | Noticed a water moccasin
  3085 | D:3      | Killed a water moccasin
  3086 | D:3      | Reached skill level 6 in Axes
  3086 | D:3      | Reached XP level 5. HP: 32/47 MP: 5/5
  3259 | D:3      | Found a faded altar of an unknown god.
  3264 | D:3      | Found a stormy altar of Qazlal.
  3391 | D:3      | Noticed Jessica
  3400 | D:3      | Killed Jessica
  3761 | D:3      | Reached XP level 6. HP: 43/53 MP: 3/6
  4486 | D:4      | Noticed Edmund
  4542 | D:4      | Killed Edmund
  4543 | D:4      | Reached skill level 5 in Fighting
  4543 | D:4      | Reached skill level 7 in Axes
  4543 | D:4      | Reached skill level 5 in Armour
  4543 | D:4      | Reached XP level 7. HP: 16/61 MP: 2/7
  4937 | D:4      | HP: 2/61 [poisoned by a killer bee]
  4938 | D:4      | Quit the game

Illustrated notes

Levels and vault maps discovered:
D:1:      nzn_arrival_crosshair, layout_loops_ring,
          shapermc_ecumenical_altar_ellora, amcnicky_mini_rare_corridor_liquid,
          minmay_pentomino_w2
D:2:      layout_loops_ring
D:3:      layout_loops_cross, nicolae_overflow_ecumenical_swirl,
          vehumet_crystals, uniq_jessica
D:4:      layout_rooms, nzn_wu_jian_council_hall, serial_co_window_serial,
          co_window_paths_a, co_window_of_opportunity_a, co_window_paths_a,
          co_window_of_opportunity_a, co_window_paths_a, co_window_2corner,
          co_window_corner_cb, co_window_paths_c, glass_columns_a,
          glass_columns_c, dk_vineyard_1, uniq_edmund

Skill      XL: |  1  2  3  4  5  6 |
---------------+-------------------+-----
Fighting       | 4 5 |  5.2
Armour         | 1 3 5 |  5.6
Axes           | 5 6 7 |  7.3
Dodging        | |  2.4
Stealth        | |  1.5

Action                   |  1- 3 |  4- 6 |  7- 9 || total
-------------------------+-------+-------+-------++-------
Melee: Hand axe          |   111 |   185 |    65 ||   361
       Punch             |     2 |     4 |       ||     6
  Use: Scroll            |       |     3 |       ||     3
       Potion            |       |     2 |     5 ||     7
 Stab: Sleeping          |     3 |     2 |       ||     5
       Distracted        |     2 |       |       ||     2
Armor: Robe              |    23 |       |       ||    23
       Leather armour    |    11 |     1 |       ||    12
       Ring mail         |       |    45 |    26 ||    71
Dodge: Dodged            |    58 |    97 |    61 ||   216
